 Dungeon Crawl Stone Soup version 0.20-a0-540-ge6d1839 (webtiles) character file.

494 Krakonus1 the Sneak (level 7, -2/43 HPs)
             Began as a Kobold Chaos Knight on Jan 30, 2017.
             Succumbed to a water moccasin's poison
             ... on level 6 of the Dungeon.
             The game lasted 00:30:09 (3170 turns).

Krakonus1 the Sneak (Kobold Chaos Knight)           Turns: 3170, Time: 00:30:09

Health: -2/43      AC:  2    Str: 10    XL:     7   Next: 38%
Magic:  3/7        EV: 17    Int: 15    God:    Xom [....*.]
Gold:   155        SH:  0    Dex: 16    Spells: 6/6 levels left

rFire    . . .     SeeInvis .   d - +2 dagger (elec)
rCold    . . .     Gourm    .   p - +0 robe
rNeg     . . .     Faith    .   (shield restricted)
rPois    .         Spirit   .   i - +0 hat
rElec    .         Reflect  .   (no cloak)
rCorr    .         Harm     .   (no gloves)
MR       .....                  (no boots)
Stlth    +++.......             f - amulet of regeneration
Regen    0.6/turn               (no ring)
                                (no ring)

@: lethally poisoned (-2 -> -28), very slightly contaminated
A: antennae 1, carnivore 3, clever 1, mutation resistance 1, MP-powered wands
a: Renounce Religion


You were on level 6 of the Dungeon.
You worshipped Xom.
You were a beloved toy of Xom.
You were completely stuffed.

You visited 1 branch of the dungeon, and saw 6 of its levels.

You collected 155 gold pieces.

Inventory:

Hand Weapons
 d - a +2 dagger of electrocution (weapon)
 j - a +2 dagger of electrocution
 m - a +0 blowgun
Missiles
 n - 13 poisoned needles (quivered)
 q - a stone of chaos
Armour
 b - a +2 leather armour
 i - a +0 hat (worn)
 p - a +0 robe (worn)
Jewellery
 f - an amulet of regeneration (around neck)
Wands
 g - a wand of polymorph (10/24)
 k - a wand of enslavement (23/24)
Scrolls
 e - 3 scrolls of remove curse
 l - a scroll of identify
Comestibles
 c - 4 meat rations
 h - 6 chunks of flesh


   Skills:
 + Level 4.2 Fighting
 + Level 6.5 Short Blades
 - Level 0.7 Armour
 * Level 4.1 Dodging
 * Level 6.6 Stealth
 + Level 0.5 Evocations


You had 6 spell levels left.
You didn't know any spells.

Dungeon Overview and Level Annotations

Branches:
Dungeon (6/15)
 Temple: D:4-7

Altars:
Cheibriados
Dithmenos
Gozag
Kikubaaqudgha
Okawaru
Qazlal


Innate Abilities, Weirdness & Mutations

You are small and have problems with some larger weapons.
You are carnivorous and can eat meat at any time.
You have a pair of small antennae on your head.
Your mind is acute. (Int +2)
You are somewhat resistant to further mutation.
You expend magic power (3 MP) to strengthen your wands.


Message History

You barely miss the water moccasin.
The water moccasin is lightly wounded.
You feel sick. The water moccasin closely misses you.
You feel sick. The water moccasin bites you.
You are lethally poisoned!
The water moccasin poisons you!
* * * LOW HITPOINT WARNING * * *
You feel sick. The water moccasin misses you.
There is a stone staircase leading down here.
* * * LOW HITPOINT WARNING * * *
You feel sick. The water moccasin bites you!
* * * LOW HITPOINT WARNING * * *
You are more poisoned.
The water moccasin poisons you!
You climb downwards.
You hear the hiss of flowing sand.
There is an entrance to an ossuary on this level.
Hurry and find it before the portal is buried!
You hear the slow hiss of a very distant avalanche of sand.
You die...
Xom roars with laughter!

# #. ###
#. ##.#
#..##S.#
#....@##
#....[#
#......#
#.......#
........#
........#
........#
........#
.%......#


You could see a water moccasin.

Vanquished Creatures
  An ogre (D:4)
  A hound (D:3)
  An orc priest (D:5)
  An orc wizard (D:4)
  A centaur skeleton (D:5)
  2 worker ants
  Terence (D:2)
  2 gnolls (D:3)
  6 adders
  A howler monkey skeleton (D:4)
  A shadow imp (D:4)
  An ooze (D:4)
  4 worms
  4 dart slugs
  4 leopard geckos
  7 orcs
  8 giant cockroaches
  7 goblins
  11 hobgoblins
  15 jackals
  2 quokkas (D:2)
  5 ball pythons
  4 bats
  3 frilled lizards
  9 kobolds
  2 quokka skeletons (D:4)
  6 rats
110 creatures vanquished.

Notes
Turn   | Place    | Note
-------+----------+-------------------------------------------
     0 | D:1      | Krakonus1 the Kobold Chaos Knight began the quest for the Orb.
     0 | D:1      | Reached XP level 1. HP: 14/14 MP: 1/1
    76 | D:1      | XOM: silly message
   147 | D:1      | Reached skill level 1 in Stealth
   150 | D:1      | Reached XP level 2. HP: 18/19 MP: 2/2
   291 | D:1      | Reached XP level 3. HP: 21/23 MP: 3/3
   851 | D:2      | Found a snail-covered altar of Cheibriados.
   863 | D:2      | Reached XP level 4. HP: 24/29 MP: 4/4
   943 | D:2      | Found a shadowy altar of Dithmenos.
  1059 | D:2      | Noticed Terence
  1101 | D:2      | Killed Terence
  1101 | D:2      | Reached skill level 5 in Short Blades
  1101 | D:2      | Reached XP level 5. HP: 33/33 MP: 5/5
  1140 | D:2      | Found an ancient bone altar of Kikubaaqudgha.
  1564 | D:3      | Reached XP level 6. HP: 27/38 MP: 6/6
  1569 | D:3      | XOM: 3-stop teleportation journey
  1689 | D:3      | XOM: chaos upgrade
  1728 | D:3      | Found an iron altar of Okawaru.
  2026 | D:3      | Found an opulent altar of Gozag.
  2215 | D:4      | Gained mutation: Your mind is acute. (Int +2) [potion of mutation]
  2215 | D:4      | Gained mutation: You expend magic power (3 MP) to strengthen your wands. [potion of mutation]
  2215 | D:4      | Gained mutation: You have a pair of small antennae on your head. [potion of mutation]
  2372 | D:4      | Reached skill level 5 in Stealth
  2424 | D:4      | XOM: summons 1 hostile demon
  2503 | D:4      | Noticed an ogre
  2512 | D:4      | XOM: chaos cloud
  2520 | D:4      | Killed an ogre
  2520 | D:4      | Reached XP level 7. HP: 28/43 MP: 2/7
  2529 | D:4      | XOM: butterfly on damage
  2624 | D:4      | Found a stormy altar of Qazlal.
  2959 | D:5      | Entered Level 5 of the Dungeon
  3014 | D:5      | XOM: chaos cloud
  3144 | D:5      | Noticed a water moccasin
  3144 | D:5      | a swamp drake changed into a water moccasin
  3148 | D:5      | XOM: blink monster(s)
  3162 | D:5      | XOM: give mutations
  3162 | D:5      | Gained mutation: You are clumsy. (Dex -2) [Xom's mischief]
  3162 | D:5      | Lost mutation: You are clumsy. (Dex -2) [Xom's mischief]
  3162 | D:5      | Gained mutation: You are somewhat resistant to further mutation. [Xom's mischief]
  3169 | D:5      | HP: 2/43 [water moccasin (8)]
  3170 | D:6      | Succumbed to a water moccasin's poison

Vault maps used:
D:1:      dpeg_arrival_signposts, st_stairs_3
D:2:      lemuel_round_altar, kiku_gazebo_pond_becter,
          nicolae_overflow_crystal_walls, first_bread, uniq_terence
D:3:      okawaru_altar_gauntlet_db, lemuel_coloured_pillars_altar,
          feat_on_display
D:4:      nicolae_qazlal_eye_of_the_storm
D:5:      temple_doors_cd, serial_shops, nicolae_shop_crystal, feat_on_display,
          uniq_prince_ribbit1, uniq_grinder
D:6:      marbit_many_paths, enter_ossuary_3

Skill      XL: |  1  2  3  4  5  6  7 |
---------------+----------------------+-----
Stealth        | 1 2 3 4 5 6 |  6.6
Dodging        | 3 4 |  4.1
Fighting       | 4 |  4.2
Short Blades   | 5 6 |  6.5
Armour         | |  0.7
Evocations     | |  0.5

Action                   |  1- 3 |  4- 6 |  7- 9 || total
-------------------------+-------+-------+-------++-------
Melee: Short sword       |    10 |       |       ||    10
       Dagger            |    61 |   130 |    90 ||   281
 Fire: Blowgun           |       |    17 |     1 ||    18
Evoke: Wand              |       |     7 |     2 ||     9
  Use: Potion            |     4 |     9 |       ||    13
       Scroll            |     3 |     8 |     1 ||    12
 Stab: Sleeping          |     1 |    12 |     2 ||    15
  Eat: Chunk             |     8 |     4 |     2 ||    14
       Royal jelly       |       |     1 |       ||     1
Armor: Leather armour    |    10 |    11 |       ||    21
       Robe              |       |     3 |     7 ||    10
Dodge: Dodged            |    44 |    80 |    57 ||   181
